Unix NetHack Version 3.7.0-101 Work-in-progress - last build Apr 1 2024 12:37:57 (a918b33ba548942b39fbf317ac6a96664004a8da,branch:master). Game began 2024-04-02 00:01:24, ended 2024-04-02 00:32:33. Zega, lawful female dwarven Archeologist ------ |.....- --.. |......---- |``.... --- --.......-- |..`.o. -.-- -------........| ---- -...!. |...------..............| |..| G rr |..........-------.....-- ....| --...------- -....| ....- G --..| |*..- .....- ---- ---.| |......- |.-- |....%..----- -.%| -.*.........0 ---...---. ^...- --- |.......)..--- .^..............---.---.--.......| .......^....---.........|..--....| .<...---.....*----.-- ...-- ...................| --- -----.0---....-- --- --- Zega the Investigator St:14 Dx:11 Co:12 In:16 Wi:16 Ch:10 Lawful S:1866 Dlvl:4 $:16 HP:0(58) Pw:22(22) AC:3 Xp:6/400 T:3431 Satiated Latest messages: You feel tough! You must have been leading a healthy life-style. You see here 9 rocks. With great effort you move the boulder. With great effort you move the boulder. You see here a lock pick. You see here a lock pick. O - a lock pick. You swap places with your large cat. You see here a red gem. P - a red gem. What do you want to use or apply? [agiqstJO or ?*] g What do you want to rub on the stone? [$P or ?*] P P - a worthless piece of red glass. What do you want to drop? [$adgijmqstB-DF-HJ-P or ?*] P You drop a worthless piece of red glass. You kill the large kobold! You materialize in a different location! The fox bites! The sewer rat bites! The fox misses! What do you want to write with? [- gstBCHN or ?*] - You write in the dust with your fingertip. What do you want to write in the dust here? Elbereth The sewer rat turns to flee. The fox turns to flee. What do you want to write with? [- gstBCHN or ?*] - You write in the dust with your fingertip. What do you want to write in the dust here? Elbereth The sewer rat misses! What do you want to write with? [- gstBCHN or ?*] - Do you want to add to the current engraving? [ynq] (y) n You wipe out the message that was written in the dust here. You write in the dust with your fingertip. What do you want to write in the dust here? Elbereth The sewer rat turns to flee. You hear some noises in the distance. What do you want to write with? [- gstBCHN or ?*] - You write in the dust with your fingertip. What do you want to write in the dust here? Elbereth Something is written here in the dust. You read: "Elbereth". You see no objects here. The Mordor orc zaps a tin wand! The Mordor orc zaps a wand of death! The death ray hits you! Do you want your possessions identified? [ynq] (y) y Do you want to see your attributes? [ynq] (y) y Do you want an account of creatures vanquished? [ynaq] (y) y Do you want to see your conduct and achievements? [ynq] (y) q Inventory: Coins $ - 16 gold pieces Amulets j - an uncursed amulet of unchanging Weapons C - a +0 elven dagger Armor D - an uncursed +1 pair of gauntlets of dexterity (being worn) K - a blessed +1 scale mail (being worn) Comestibles G - an uncursed kebab d - 3 uncursed food rations m - an uncursed lembas wafer Scrolls F - 4 uncursed scrolls of blank paper M - an uncursed scroll of light L - an uncursed scroll of teleportation Rings H - an uncursed ring of conflict B - an uncursed ring of invisibility (on left hand) Wands t - a blessed wand of sleep (0:4) Tools i - an uncursed sack containing 6 items q - an uncursed lock pick O - an uncursed lock pick a - a +0 pick-axe (weapon in right hand) J - an uncursed tin whistle s - an uncursed towel Gems/Stones N - an uncursed jet stone g - an uncursed touchstone Contents of the sack: an uncursed scroll of light an uncursed scroll of magic mapping a blessed potion of booze an uncursed potion of enlightenment an uncursed potion of extra healing an uncursed potion of healing Zega the Archeologist's attributes: Background: You were an Investigator, a level 6 female dwarven Archeologist. You were lawful, on a mission for Quetzalcoatl who was opposed by Camaxtli (neutral) and Huhetotl (chaotic). You were right-handed. You were in the Gnomish Mines, on level 4. You entered the dungeon 3431 turns ago. It was the midnight hour. You had 400 experience points, 240 more were needed to attain level 7. Your score was 1866 before end-of-game adjustments. Basics: You had 0 out of 58 hit points. You had all 22 energy points (spell power). Your armor class was 3. Your wallet contained 16 zorkmids. Autopickup was on for '$"=/!?' plus thrown. Final Characteristics: Your strength was 14 (limit:18/100). Your dexterity was 11 (base:10, limit:20). Your constitution was 12 (limit:20). Your intelligence was 16 (limit:16). Your wisdom was 16 (limit:16). Your charisma was 10 (limit:16). Final Status: You were satiated. You were unencumbered. You were wielding a pick-axe. You were skilled in pick-axe. Final Attributes: You were piously aligned. You had automatic searching. You had infravision. You were invisible. You were stealthy. You were warded. You are dead. Miscellaneous: You disabled loading of bones levels. Total elapsed playing time was 31 minutes and 4 seconds. Major events: Turn 1: Zega the lawful female dwarven Archeologist entered the dungeon 480: entered the Gnomish Mines 751: attained the rank of Field Worker (level 3) 1705: attained the rank of Investigator (level 6) 3431: killed by a death ray Vanquished creatures: 19 fog clouds a gnome leader a paper golem a giant ant a kobold leader 5 rothes 2 giant bats an orc zombie a werejackal an iguana an acid blob a gas spore a hobbit a large kobold a giant rat a yellow mold a green mold 7 gnomes 3 garter snakes a gnome zombie 2 geckos 4 jackals 2 foxes 2 kobolds 4 goblins 3 sewer rats 11 grid bugs a lichen a kobold zombie 7 newts 88 creatures vanquished. No species were genocided or became extinct. Voluntary challenges: You read items or engraved 11 times. You engraved Elbereth 7 times. You never genocided any monsters. You never polymorphed an object. You never changed form. You used no wishes. Achievements: You entered the Gnomish Mines. You attained the rank of Field Worker. You entered a shop. You attained the rank of Investigator. The Dungeons of Doom: levels 1 to 6 Level 1: A fountain. Level 2: "2 food" Stairs down to The Gnomish Mines. Level 3: A sink. Level 4: Many fountains. Level 5: Level 6: The Gnomish Mines: levels 3 to 4 Level 3: Level 4: <- You were here. Final resting place for you, killed by a death ray. Game over: ---------- / \ / REST \ / IN \ / PEACE \ / \ | Zega | | 16 Au | | killed by a | | death ray | | | | | | 2024 | *| * * * | * _________)/\\_//(\/(/\)/\//\/|_)_______ Goodbye Zega the Archeologist... You died in The Gnomish Mines on dungeon level 4 with 1865 points, and 16 pieces of gold, after 3431 moves. You were level 6 with a maximum of 58 hit points when you died.